 Dungeon Crawl Stone Soup version 0.24.0-13-gcf9b319 (webtiles) character file.

Game seed: 9629983132674184786, levelgen mode: deterministic

9377 Fang the Fighter (level 11, 0/72 HPs)
             Began as a Gargoyle Berserker on Nov 25, 2019.
             Was a High Priest of Trog.
             Slain by a troll (8 damage)
             ... on level 11 of the Dungeon.
             The game lasted 00:13:07 (10642 turns).

Fang the Fighter (Gargoyle Berserker)              Turns: 10642, Time: 00:13:07

Health: 0/72       AC: 23    Str: 24    XL:     11   Next: 45%
Magic:  11/11      EV:  7    Int: 10    God:    Trog [*****.]
Gold:   394        SH:  7    Dex:  9    Spells: 10/10 levels left

rFire    + . .     SeeInvis .   a - +1 war axe
rCold    . . .     Gourm    .   F - +0 shield
rNeg     + . .     Faith    .   b - +1 plate armour
rPois    ∞         Spirit   .   (no helmet)
rElec    +         Reflect  .   (no cloak)
rCorr    .         Harm     .   (no gloves)
MR       .....                  (no boots)
Stlth    ..........             (no amulet)
HPRegen  0.22/turn              J - +2 ring of intelligence
MPRegen  0.12/turn              d - ring of protection from fire

@: berserk cooldown
A: negative energy resistance 1, electricity resistance, unbreathing,
petrification resistance, rot immunity, AC +8
a: Berserk, Trog's Hand, Brothers in Arms, Renounce Religion


You were on level 11 of the Dungeon.
You worshipped Trog.
Trog was extremely pleased with you.
You were very hungry.

You visited 2 branches of the dungeon, and saw 12 of its levels.

You collected 529 gold pieces.
You spent 135 gold pieces at shops.

Inventory:

Hand Weapons
 a - a +1 war axe (weapon)
 l - a +0 hand axe of flaming
 y - a +2 hand axe of venom
Armour
 b - a +1 plate armour (worn)
 F - a +0 shield (worn)
Jewellery
 d - a ring of protection from fire (right hand)
 h - an uncursed ring of positive energy
 J - a +2 ring of intelligence (left hand)
Wands
 k - a wand of polymorph (11)
 m - a wand of random effects (13)
 v - a wand of iceblast (10)
 x - a wand of disintegration (16)
 E - a wand of paralysis (6)
Scrolls
 e - 2 scrolls of identify
 g - 4 scrolls of teleportation
 s - 3 scrolls of remove curse
Potions
 f - 3 potions of curing
 i - a potion of berserk rage {unknown}
 j - a potion of heal wounds
 p - a potion of agility
 w - 8 potions of flight
 z - 3 potions of haste
 B - 2 potions of cancellation
Comestibles
 c - 31 rations


   Skills:
 + Level 10.2 Fighting
 + Level 8.7 Axes
 + Level 9.9 Armour
 + Level 7.6 Dodging


You had 10 spell levels left.
You didn't know any spells.
Your spell library was empty.

Dungeon Overview and Level Annotations

Branches:
Dungeon (11/15)            Temple (1/1) D:4            Lair (0/6) D:8
    Orc (0/2) D:10

Altars:
Cheibriados
Dithmenos
Elyvilon
Gozag
Hepliaklqana
Kikubaaqudgha
Makhleb
Nemelex Xobeh
Qazlal
Ru
Sif Muna
Trog
Uskayaw
Vehumet
Wu Jian
Xom
Yredelemnul
Zin
The Shining One

Shops:
D:4 }   D:5 *=}   D:8 *


Innate Abilities, Weirdness & Mutations

You are resistant to torment.
Your stone body is resilient. (AC +8)
You are immune to poison.
You resist negative energy. (rN+)
You are resistant to electric shocks. (rElec)
You can survive without breathing.
You are immune to petrification.
You are immune to rotting.


Message History

The troll is severely wounded.
You block the troll's attack.
The troll claws you but does no damage. x2
You closely miss the troll.
The troll is severely wounded.
The troll closely misses you.
The troll claws you but does no damage. x2
The troll bites you. The troll claws you. The troll claws you!
* * * LOW HITPOINT WARNING * * *
You are too injured to fight recklessly!
You hit the troll but do no damage.
The troll is severely wounded.
The shadow imp shouts, "Fly, thou hateful limp-willed giglet!"
The troll bites you.
* * * LOW HITPOINT WARNING * * *
The troll claws you but does no damage. x2
You slash the troll!
The troll is almost dead.
The troll bites you.
* * * LOW HITPOINT WARNING * * *
The troll claws you but does no damage. The troll claws you!
You die...

#.........
#........
....... ....
#†## #.5# ##Y#
####T####
#...@...#
#.......#
#.......#
#.......#######
#.......'.....+
#.......#######
#.......#
###'#####
#.####


You could see a yak, a troll and a shadow imp.

Vanquished Creatures
  A two-headed ogre (D:8)
  An ugly thing (D:11)
  A deep elf mage (D:8)
  2 cyclopes (D:11)
  A kobold demonologist (D:11)
  Grinder (D:6)
  A hippogriff (D:8)
  Sigmund (D:5)
  A wyvern (D:9)
  7 yaks
  A basilisk (D:8)
  3 hogs (D:7)
  A human (D:7)
  Edmund (D:5)
  2 black bears (D:8)
  A sky beast (D:5)
  3 orc warriors
  7 ogres
  2 necrophages
  2 phantoms
  2 centaurs (D:10)
  A crocodile (D:8)
  A big kobold (D:9)
  4 bullfrogs
  A scorpion (D:7)
  A wyvern skeleton (D:10)
  17 killer bees
  2 howler monkeys
  A bullfrog zombie (D:9)
  3 crimson imps
  3 jellies
  A gnoll shaman (D:7)
  5 orc priests
  8 hounds
  4 iguanas
  6 orc wizards
  A bullfrog skeleton (D:9)
  A centaur skeleton (D:10)
  Natasha (D:2)
  8 worker ants
  2 hound skeletons
  A hound zombie (D:5)
  7 gnolls
  11 adders
  2 shadow imps
  2 oozes (D:3)
  2 worms
  4 dart slugs
  5 leopard geckos
  29 orcs
  8 bats
  6 giant cockroaches
  10 goblins
  5 hobgoblins
  20 jackals
  14 kobolds
  4 quokkas
  5 ball pythons
  9 frilled lizards
  A giant cockroach zombie (D:5)
  A leopard gecko skeleton (D:5)
  2 quokka skeletons
  9 rats
270 creatures vanquished.

Vanquished Creatures (others)
  An orc (D:4)
  A bush (D:10)
2 creatures vanquished.

Grand Total: 272 creatures vanquished

Notes
Turn   | Place    | Note
-------+----------+-------------------------------------------
     0 | D:1      | Fang the Gargoyle Berserker began the quest for the Orb.
     0 | D:1      | Reached XP level 1. HP: 14/14 MP: 1/1
   283 | D:1      | Reached XP level 2. HP: 19/19 MP: 2/2
   796 | D:2      | Reached ** piety under Trog
   871 | D:2      | Reached XP level 3. HP: 13/24 MP: 3/3
  1325 | D:2      | Reached XP level 4. HP: 22/29 MP: 4/4
  1427 | D:2      | Reached skill level 4 in Fighting
  1770 | D:2      | Reached XP level 5. HP: 30/33 MP: 5/5
  1871 | D:2      | Noticed Natasha
  1878 | D:2      | Killed Natasha
  1976 | D:3      | Reached *** piety under Trog
  2274 | D:3      | Reached XP level 6. HP: 29/39 MP: 6/6
  2731 | D:4      | Reached skill level 5 in Fighting
  2898 | D:4      | Found Vaorphul's Gadget Emporium.
  2961 | D:4      | Reached XP level 7. HP: 44/44 MP: 7/7
  3052 | D:4      | Found a staircase to the Ecumenical Temple.
  3063 | D:4      | Reached **** piety under Trog
  3074 | Temple   | Entered the Ecumenical Temple
  3527 | D:5      | Entered Level 5 of the Dungeon
  3557 | D:5      | Found a hazy altar of Hepliaklqana.
  3590 | D:5      | Found an opulent altar of Gozag.
  3616 | D:5      | Found a sacrificial altar of Ru.
  3616 | D:5      | Found a basalt altar of Yredelemnul.
  3618 | D:5      | Found a white marble altar of Elyvilon.
  3620 | D:5      | Found a burning altar of Makhleb.
  3648 | D:5      | Found Ocothrokh's Gadget Shoppe.
  3755 | D:5      | Reached skill level 5 in Armour
  3899 | D:5      | Reached XP level 8. HP: 47/51 MP: 8/8
  3929 | D:5      | Noticed Edmund
  4013 | D:5      | Killed Edmund
  4013 | D:5      | Reached skill level 6 in Fighting
  4013 | D:5      | Reached skill level 5 in Axes
  4035 | D:5      | Noticed Sigmund
  4052 | D:5      | Killed Sigmund
  4146 | D:5      | Found Poaliut's Assorted Antiques.
  4180 | D:5      | Reached ***** piety under Trog
  4349 | D:5      | Found Iredunne's Jewellery Shop.
  4578 | D:6      | Noticed Grinder
  4595 | D:6      | Killed Grinder
  4743 | D:6      | Reached XP level 9. HP: 48/56 MP: 9/9
  5327 | D:7      | Reached skill level 7 in Fighting
  5450 | D:7      | Reached skill level 5 in Dodging
  5930 | D:7      | Found a burning altar of Makhleb.
  6021 | D:7      | Reached skill level 8 in Fighting
  6308 | D:8      | Found a glowing silver altar of Zin.
  6467 | D:8      | Reached XP level 10. HP: 59/64 MP: 10/10
  6512 | D:8      | Found a staircase to the Lair.
  6850 | D:8      | Noticed a two-headed ogre
  6859 | D:8      | Killed a two-headed ogre
  7105 | D:8      | Found Xouzase's Assorted Antiques.
  7160 | D:8      | Found a hide-covered altar of Uskayaw.
  7160 | D:8      | Noticed a deep elf mage
  7169 | D:8      | Killed a deep elf mage
  7169 | D:8      | Reached skill level 9 in Fighting
  7472 | D:8      | Bought a shield for 135 gold pieces
  8684 | D:10     | Entered Level 10 of the Dungeon
  8728 | D:10     | Received a gift from Trog
  8744 | D:10     | Identified a scroll of acquirement
  8915 | D:10     | Found a staircase to the Orcish Mines.
  9184 | D:10     | Reached XP level 11. HP: 39/71 MP: 11/11
 10146 | D:11     | Noticed a cyclops
 10156 | D:11     | Killed a cyclops
 10265 | D:11     | Noticed a cyclops
 10280 | D:11     | Killed a cyclops
 10280 | D:11     | Reached skill level 10 in Fighting
 10587 | D:11     | Noticed a cyan ugly thing
 10595 | D:11     | Killed a cyan ugly thing
 10642 | D:11     | Slain by a troll

Levels and vault maps discovered:
D:1:      dpeg_chamrin_arrival_tetris, layout_basic, minmay_pentomino_o4
D:2:      layout_loops_cross, uniq_natasha
D:3:      layout_rooms, minmay_misc_feat_diagonals
D:4:      layout_cave_pools, minmay_temple_entry_statues_fountains,
          first_ration, serial_shops, nicolae_shop_crystal, hex_large,
          dk_noncrumbling_4
D:5:      layout_loops_ring, minitemple, lemuel_doored_altar, serial_shops,
          shop_statue, kennysheep_mini_moat, shop, sigmund_edmund_badplayer
D:6:      layout_layer_cave, uniq_grinder
D:7:      layout_rooms, grunt_livestock, makhleb_blood_cavern_becter
D:8:      layout_gridville, david_lair_generic, basic_altar, serial_shops,
          nicolae_shop_overgrown_old_shop, david_defended_altar_elf
D:9:      layout_roguey
D:10:     layout_stronghold, orc_0_dummy, kb_lookout_dungeons_type,
          minmay_crystal_room, bh_walls_and_bars
D:11:     layout_roguey
Temple:   nicolae_temple_x_marks_the_god

Skill      XL: |  1  2  3  4  5  6  7  8  9 10 11 |
---------------+----------------------------------+-----
Axes           | 3 4 5 6 8 |  8.7
Dodging        | 2 3 4 5 7 |  7.6
Armour         | 3 4 5 6 7 9 |  9.9
Fighting       | 4 5 6 8 9 10 | 10.2

Action                   |  1- 3 |  4- 6 |  7- 9 | 10-12 || total
-------------------------+-------+-------+-------+-------++-------
Melee: Hand axe          |    93 |   202 |   529 |   146 ||   970
       War axe           |       |       |       |   222 ||   222
Invok: Berserk           |     1 |     4 |     3 |     9 ||    17
       Trog's Hand       |       |       |       |     1 ||     1
  Use: Scroll            |       |       |       |    19 ||    19
       Potion            |       |       |       |     1 ||     1
 Stab: Sleeping          |     1 |       |       |       ||     1
  Eat: Chunk             |     2 |     9 |    16 |    21 ||    48
Armor: Animal skin       |    26 |    54 |       |       ||    80
       Chain mail        |       |    34 |   309 |    62 ||   405
       Plate armour      |       |       |       |   250 ||   250
Dodge: Dodged            |    67 |   153 |   211 |   146 ||   577
Block: Shield            |       |       |       |   133 ||   133
